[Event "Early-Titled-Tuesday-Blitz-February-27-2024"]
[Site "Chess.com"]
[Date "2024.02.27"]
[Round "5"]
[White "Cambek64"]
[Black "Chernov_Alexander_A"]
[Result "0-1"]
[WhiteElo "2499"]
[BlackElo "2367"]
[TimeControl "180+1"]
[EndTime "8:54:43 PST"]
[Termination "Chernov_Alexander_A won by checkmate"]

1. e4 d6 2. d4 Nf6 3. f3 Nbd7 4. c4 c6 5. d5 g6 6. Be3 Bg7 7. Nc3 O-O 8. Qd2 a6 9. Nh3 cxd5 10. cxd5 b5 11. Nf2 Nb6 12. Rc1 Bd7 13. b3 Qb8 14.
Bd3 Rc8 15. O-O b4 16. Ne2 a5 17. Nd4 Qb7 18. Rxc8+ Rxc8 19. Rc1 Rxc1+ 20. Qxc1 Ne8 21.
Nc6 Kf8 22. Bb5 Nxd5 23. exd5 Qxb5 24. Qc4 Bxc6 25. Qxc6 Qe2 26. Qc1 Qxa2 27. Ne4 a4 28. bxa4 b3 29. Nc3 Bxc3 30. Qxc3 f6 31. Bh6+ Kf7 32.
Qc8 Qe2 33. h3 b2 34. Qb7 Qd1+ 35. Kh2 b1=Q 36. Qd7 Qh1+ 37. Kg3 Qbe1+ 38. Kg4 Qxg2+ 39. Kf4 Qed2+ 40. Ke4 Qc2+ 41. Ke3 Qc3+ 42. Kf4 Qgxf3# 0-1

[Event "Early-Titled-Tuesday-Blitz-February-27-2024"]
[Site "Chess.com"]
[Date "2024.02.27"]
[Round "5"]
[White "wonderfultime"]
[Black "rasmussvane"]
[Result "1-0"]
[WhiteElo "3093"]
[BlackElo "2944"]
[TimeControl "180+1"]
[EndTime "8:54:44 PST"]
[Termination "wonderfultime won by resignation"]

1. d4 Nf6 2. Nf3 d5 3. Bf4 c5 4. c3 e6 5. e3 Bd6 6. Nbd2 O-O 7. Bd3 Bxf4 8. exf4 Qb6 9. Rb1 cxd4 10. Nxd4 Qd6 11. Qf3 Nc6 12. O-O e5 13. fxe5 Nxe5 14. Qg3 Nh5 15.
Qh4 Nxd3 16. Qxh5 Nf4 17. Qh4 h6 18. Rfe1 Bd7 19. Re3 Rfe8 20. Rbe1 Rxe3 21. Rxe3 Ng6 22. Qg3 Qxg3 23. hxg3 Re8 24. Nf1 Kf8 25. f3 Ne5 26. b3 Nc6 27. Kf2 Rc8 28. Ne2 g5 29. g4 Be6 30. Nfg3 Kg7 31. Nf5+ Bxf5 32. gxf5 Kf6 33. g4 h5 34. Ng3 hxg4 35. fxg4 Kg7 36. Nh5+ Kf8 37.
Nf6 d4 38. cxd4 Nxd4 39. Nh7+ Kg7 40. Nxg5 Rc2+ 41. Kg3 Rxa2 42. Rd3 Nc6 43. Rd7 Ne5 44. Rxb7 Re2 45. Ne6+ Kf6 46. g5+ Kxf5 47. Nd4+ Kxg5 48. Nxe2 1-0

[Event "Early-Titled-Tuesday-Blitz-February-27-2024"]
[Site "Chess.com"]
[Date "2024.02.27"]
[Round "5"]
[White "scarabee43"]
[Black "Iskusnyh"]
[Result "1-0"]
[WhiteElo "2885"]
[BlackElo "2673"]
[TimeControl "180+1"]
[EndTime "8:54:44 PST"]
[Termination "scarabee43 won on time"]

1. Nf3 d5 2. e3 Nf6 3. c4 c6 4. b3 Bg4 5. Bb2 e6 6. Be2 Be7 7. O-O O-O 8. d3 Nbd7 9. Nbd2 a5 10. h3 Bh5 11. Rc1 a4 12. Rc2 Qa5 13. g4 Bg6 14.
Nh4 Rfe8 15. Nxg6 hxg6 16. Nf3 Bd6 17. g5 Nh7 18. h4 Nhf8 19. e4 dxe4 20. dxe4 Bf4 21.
Bc3 Qc7 22. b4 Ne5 23. Ne1 Rad8 24. Qa1 Nfd7 25. Ng2 Bh2+ 26. Kh1 c5 27. f4 cxb4 28. Bxb4 Nc6 29. Be1 Nc5 30. Kxh2 Nd4 31. Rd2 e5 32. fxe5 Nxe4 33. Rd3 Nxe2 34. Re3 Nd2 35. Rf2 Nxc4 36.
Rexe2 Nxe5 37. Kh1 Ng4 38. Rxe8+ Rxe8 39. Rf4 Ne3 40. Qc3 Qxc3 41. Bxc3 Nd5 42. Rf3 Re2 43. a3 b5 44. Bd4 1-0

[Event "Early-Titled-Tuesday-Blitz-February-27-2024"]
[Site "Chess.com"]
[Date "2024.02.27"]
[Round "5"]
[White "Suleyman_Chess06"]
[Black "LeninGuerra"]
[Result "0-1"]
[WhiteElo "2706"]
[BlackElo "2590"]
[TimeControl "180+1"]
[EndTime "8:54:44 PST"]
[Termination "LeninGuerra won by checkmate"]

1. Nf3 c5 2. c4 e6 3. Nc3 Nf6 4. e3 b6 5. d4 Bb7 6. d5 exd5 7. cxd5 d6 8. Bb5+ Nbd7 9. O-O Be7 10.
e4 O-O 11. Bf4 a6 12. Bc6 Qc7 13. Bxb7 Qxb7 14. a4 Rfe8 15. Re1 Bf8 16. e5 dxe5 17. Nxe5 Nxe5 18. Bxe5 Nd7 19. Bg3 b5 20. axb5 axb5 21.
Rxa8 Rxa8 22. Qf3 b4 23. Ne4 Re8 24. Qf5 g6 25. Qf3 f5 26. h4 fxe4 27. Rxe4 Rxe4 28. Qxe4 Nf6 29. Qe5 Qf7 30. d6 Nd7 31. Qe4 c4 32.
Qc6 Bg7 33. Qc8+ Bf8 34. Qc7 Qe6 35. Qb7 c3 36. bxc3 bxc3 37. Qc8 Kf7 38. Qxc3 Bxd6 39. Qf3+ Nf6 40. Qb7+ Be7 41. f3 Nh5 42. Bf2 Ng7 43. Qb2 Nf5 44. Qh8 h5 45. Qh7+ Ke8 46. Qh8+ Kd7 47. Qb2 Bd6 48. Qb7+ Bc7 49. Qb1 Qd6 50.
Qc2 Qh2+ 51. Kf1 Qh1+ 52. Bg1 Ne3+ 53. Kf2 Nxc2 54. f4 Bb6+ 55. Kg3 Qxg1 56. Kh3 Ne3 57. g4 Qg2# 0-1

[Event "Early-Titled-Tuesday-Blitz-February-27-2024"]
[Site "Chess.com"]
[Date "2024.02.27"]
[Round "5"]
[White "SahibSinghKnight"]
[Black "Witik"]
[Result "1-0"]
[WhiteElo "2575"]
[BlackElo "2703"]
[TimeControl "180+1"]
[EndTime "8:54:44 PST"]
[Termination "SahibSinghKnight won by resignation"]

1. e4 c6 2. d4 d5 3. Nc3 dxe4 4. Nxe4 Nf6 5. Nxf6+ exf6 6. Be2 Bd6 7. Bf3 O-O 8. Ne2 Re8 9. Be3 Nd7 10. O-O Nf8 11.
c4 Ng6 12. g3 Bh3 13. Re1 Qd7 14. Nc3 Rad8 15. a3 f5 16. c5 Bb8 17. d5 f4 18. Bd4 fxg3 19. hxg3 cxd5 20. Rxe8+ Rxe8 21.
Bxd5 Ne5 22. Qa4 Qxa4 23. Nxa4 Nc6 24. Bc3 h5 25. Re1 Rd8 26. Bc4 Bc7 27. b4 a6 28.
Nb2 Nd4 29. Bxd4 Rxd4 30. Re8+ Kh7 31. Bxf7 Rd2 32. Nc4 Rd1+ 33. Kh2 Bg4 34. Ne3 Rd2 35. Nxg4 hxg4 36. Kg2 b6 37. Rc8 Be5 38. cxb6 Bd4 39. Bg8+ Kg6 40. Rc6+ Kg5 41. Rc5+ Kf6 42. Rc6+ Kg5 43.
Kf1 Rxf2+ 44. Ke1 Rf3 45. b7 Ba7 46. Rxa6 Bb8 47. Ra8 Bxg3+ 48. Ke2 Rf2+ 49. Kd3 Ra2 50. Bxa2 1-0

[Event "Early-Titled-Tuesday-Blitz-February-27-2024"]
[Site "Chess.com"]
[Date "2024.02.27"]
[Round "5"]
[White "Misterfox120"]
[Black "Kev4444444444"]
[Result "0-1"]
[WhiteElo "2431"]
[BlackElo "2293"]
[TimeControl "180+1"]
[EndTime "8:54:44 PST"]
[Termination "Kev4444444444 won by checkmate"]

1. d4 Nf6 2. Bf4 g6 3. Nc3 Bg7 4. e4 O-O 5. e5 Ne8 6. h4 d6 7. exd6 cxd6 8. h5 Nc6 9. d5 Nd4 10. Bd3 Bf5 11. Nge2 Nxe2 12. Qxe2 Bxd3 13. Qxd3 Rc8 14.
hxg6 fxg6 15. Bh6 Qb6 16. Bxg7 Qxf2+ 17. Kd1 Nxg7 18. Re1 Rf4 19. Ne2 Rf5 20. Kd2 Rc5 21. c4 Qh4 22. b3 b5 23. Rac1 Qg5+ 24. Kd1 Rcxd5 25. cxd5 Rxd5 26. Nd4 Qg4+ 27. Qe2 Qxd4+ 28. Kc2 e5 29. Red1 Rc5+ 30. Kb1 Rxc1+ 31. Rxc1 Nf5 32.
Qxb5 Kg7 33. Qd7+ Kh6 34. Rh1+ Kg5 35. Qd8+ Kg4 36. Qa5 Ne3 37. Qa4 Qxa4 38. bxa4 h5 39. Re1 Nxg2 40. Rd1 h4 41. Rxd6 Nf4 42. Rd7 h3 43. Rxa7 h2 44. Rh7 Nh5 45. Rxh5 Kxh5 46. a5 h1=Q+ 47. Kb2 Qd5 48. Ka3 Qxa5+ 49. Kb3 e4 50.
Kb2 Qd5 51. a4 g5 52. Kc2 g4 53. Kc3 g3 54. Kb4 g2 55. a5 g1=Q 56. a6 Qgc5+ 57.
Ka4 Qa2# 0-1

[Event "Early-Titled-Tuesday-Blitz-February-27-2024"]
[Site "Chess.com"]
[Date "2024.02.27"]
[Round "5"]
[White "stollenmonster"]
[Black "Aslanov_Umid"]
[Result "1-0"]
[WhiteElo "2884"]
[BlackElo "2672"]
[TimeControl "180+1"]
[EndTime "8:54:45 PST"]
[Termination "stollenmonster won on time"]

1. e4 c5 2. Nf3 d6 3. d4 cxd4 4. Nxd4 Nf6 5. Nc3 a6 6. a4 e5 7. Nde2 Be7 8. g3 O-O 9. Bg2 Be6 10. h3 Nbd7 11. g4 Rc8 12. a5 Nb8 13. Be3 Nc6 14. Bb6 Qd7 15. Nd5 Bxd5 16. exd5 Nb8 17. b3 Bd8 18.
Be3 Qe7 19. c4 Nbd7 20. Ng3 g6 21. Bh6 Re8 22. g5 Nh5 23. Nxh5 gxh5 24. Qxh5 Nc5 25. Qd1 e4 26. O-O Qe5 27. Qg4 Rc7 28. Rae1 Rce7 29. b4 Nd3 30. Rxe4 Qc3 31. Rxe7 Rxe7 32. Qc8 Re8 33.
Qd7 Qe5 34. c5 dxc5 35. bxc5 Nf4 36. g6 Nxg6 37. c6 bxc6 38. dxc6 Bxa5 39. f4 Bb6+ 40. Kh1 Qe7 41. f5 Ne5 42. Qxe7 Rxe7 43. Rb1 Bc7 44.
f6 Re8 45. Rb7 Rc8 46. h4 Ng4 47. Bg5 Bd6 48. Kg1 h5 49. Be4 Ne5 50. Bf4 a5 51. Kg2 Nc4 52. Bf5 Bc7 53. Rxc7 1-0

[Event "Early-Titled-Tuesday-Blitz-February-27-2024"]
[Site "Chess.com"]
[Date "2024.02.27"]
[Round "5"]
[White "Honiex"]
[Black "Rodalquilar"]
[Result "0-1"]
[WhiteElo "2551"]
[BlackElo "2791"]
[TimeControl "180+1"]
[EndTime "8:54:45 PST"]
[Termination "Rodalquilar won by resignation"]

1. Nc3 d5 2. e4 dxe4 3. Nxe4 Bf5 4. Qf3 Qd5 5. Nd6+ Qxd6 6. Qxf5 Nc6 7. Nf3 Nf6 8. d4 e6 9. Qf4 O-O-O 10. Qxd6 Bxd6 11.
Be2 h6 12. O-O Rhe8 13. c3 e5 14. dxe5 Nxe5 15. Nxe5 Bxe5 16. Be3 Nd5 17. Bg4+ Kb8 18. Rfe1 a5 19. Rad1 a4 20. a3 Bf6 21. Bc1 Rxe1+ 22. Rxe1 Nb6 23. Be2 Bg5 24. Bxg5 hxg5 25. Rd1 Re8 26.
Kf1 c6 27. Rd4 Kc7 28. Bc4 f6 29. Ba2 Re5 30. g3 Rb5 31. Rd2 Re5 32. Re2 Kd6 33. Rd2+ Ke7 34. Rd4 Rb5 35. Rb4 Kd6 36. Ke2 Kc5 37.
Kd3 Nd7 38. Rxb5+ cxb5 39. Bb1 Ne5+ 40. Kc2 Nf3 41. h3 Ng1 42. Kd2 Nxh3 43. Be4 Nxf2 44. Bxb7 Ng4 45. Ke2 Ne5 46. Ke3 Nc4+ 47. Kd3 Nxb2+ 48.
Kc2 Nc4 0-1

[Event "Early-Titled-Tuesday-Blitz-February-27-2024"]
[Site "Chess.com"]
[Date "2024.02.27"]
[Round "5"]
[White "Alexander_Donchenko"]
[Black "jens1102"]
[Result "1-0"]
[WhiteElo "2902"]
[BlackElo "2681"]
[TimeControl "180+1"]
[EndTime "8:54:48 PST"]
[Termination "Alexander_Donchenko won by resignation"]

1. e4 c5 2. Nf3 Nc6 3. Bb5 g6 4. O-O Bg7 5. Re1 Nf6 6. c3 O-O 7. d4 d5 8. e5 Ne4 9. Be3 cxd4 10. cxd4 Qb6 11. Qe2 a6 12. Bxc6 bxc6 13. Nc3 Nxc3 14.
bxc3 a5 15. Rab1 Qc7 16. Bf4 Bf5 17. Rb2 Rfb8 18. h3 Rxb2 19. Qxb2 Rb8 20. Qa3 e6 21. g4 Bf8 22. Qc1 Be4 23. Nd2 Bd3 24. Re3 Ba6 25. h4 c5 26. Nb3 cxd4 27. Nxd4 Bc5 28. Rh3 Bxd4 29. cxd4 Qxc1+ 30. Bxc1 Rb1 31. Rc3 Bc4 32. Kg2 Kf8 33. Bg5 Rb2 34. h5 gxh5 35. gxh5 Rxa2 36. Bd8 a4 37. Bb6 Rb2 38. Bc5+ Ke8 39. Rg3 Rb3 40.
Rg8+ Kd7 41. Rg7 Kc6 42. Rxf7 Bd3 43. f3 Kb5 44. Rb7+ Kc4 45. Ra7 Kb5 46. h6 Bf5 47. Kf2 Rb2+ 48. Kg3 Rb3 49. Kf4 Rd3 50. Rb7+ Kc4 51.
Rb4+ Kc3 52. Rxa4 Bg6 53. Ra7 Kd2 54. Re7 Ke2 55. Rxe6 Rxf3+ 56. Kg5 Rf5+ 57. Kg4 Ke3 58. Rxg6 hxg6 59. e6 Rf4+ 60. Kg5 Re4 61. h7 Kf3 62.
h8=Q 1-0

[Event "Early-Titled-Tuesday-Blitz-February-27-2024"]
[Site "Chess.com"]
[Date "2024.02.27"]
[Round "5"]
[White "RobertoJBM"]
[Black "SirStrateg"]
[Result "1/2-1/2"]
[WhiteElo "2849"]
[BlackElo "2670"]
[TimeControl "180+1"]
[EndTime "8:54:48 PST"]
[Termination "Game drawn - insufficient material"]

1. d4 d6 2. e4 Nf6 3. Nc3 c6 4. f4 Qa5 5. Bd3 e5 6. Nf3 exd4 7.
Nxd4 g6 8. Nb3 Qc7 9. O-O Bg7 10. Kh1 O-O 11. Bd2 b5 12. Qf3 Nbd7 13. Rae1 b4 14. Ne2 Bb7 15. Bxb4 a5 16. Bc3 c5 17. Nd2 Rfe8 18. Ng3 Bc6 19. Qd1 Nb6 20. b3 Qb7 21. Re2 d5 22. Bxf6 Bxf6 23. e5 Bg7 24. c4 Rad8 25.
Qc2 f6 26. exf6 Bxf6 27. Rfe1 Rxe2 28. Rxe2 dxc4 29. Nxc4 Nxc4 30. Qxc4+ Kg7 31. Qc2 Qd7 32. Rd2 Qg4 33. Be2 Qxf4 34. Rxd8 Bxd8 35. Qxc5 Qf6 36. Qc1 Bb6 37. Bf3 Bd7 38. Qd1 Be6 39. Ne4 Qe5 40. Qc1 h5 41. Qc3 Bd4 42. Qd2 h4 43. Qg5 h3 44. Qxe5+ Bxe5 45. gxh3 Bxh3 46. Nc5 Bf5 47. Bg2 Bb1 48. a3 Bd6 49. b4 axb4 50.
axb4 Kf6 51. Ne4+ Bxe4 52. Bxe4 Bxb4 53. Kg2 Bd6 54. Bd3 Bxh2 55. Kxh2 g5 56. Kg3 g4 57.
Be2 Ke5 58. Bxg4 1/2-1/2

[Event "Early-Titled-Tuesday-Blitz-February-27-2024"]
[Site "Chess.com"]
[Date "2024.02.27"]
[Round "5"]
[White "Muslim_player_05"]
[Black "SashaKuzhilniy"]
[Result "0-1"]
[WhiteElo "2458"]
[BlackElo "2612"]
[TimeControl "180+1"]
[EndTime "8:54:48 PST"]
[Termination "SashaKuzhilniy won on time"]

1. d4 d5 2. c4 c6 3. Nf3 Nf6 4. g3 Bf5 5. Nc3 e6 6. Nh4 Bg4 7. h3 Bh5 8. g4 Bg6 9. g5 Nfd7 10.
Nxg6 hxg6 11. e4 dxe4 12. Be3 Rh4 13. Bg2 Bb4 14. Qc2 Qa5 15. Bxe4 Na6 16. Bg2 O-O-O 17.
O-O-O Bxc3 18. bxc3 Nb6 19. Bf1 Na4 20. Rd3 Nc7 21. Be2 Rdh8 22. Bd2 Nb6 23. Rf3 Rf8 24. c5 Nd7 25. c4 Qa6 26. Qb3 Rxd4 27. Qb2 Rxc4+ 28.
Bxc4 Qxc4+ 29. Rc3 Qe4 30. f3 Qf5 31. Qc2 Nd5 32. Qxf5 exf5 33. Rc4 Ne5 34. Rh4 Nxf3 35. Rh7 Rg8 36. h4 Ne5 37. h5 gxh5 38. R1xh5 Kd7 39.
Rh8 Rxh8 40. Rxh8 Nd3+ 41. Kc2 Nxc5 42. Rh7 Ne6 43. Bc1 Ke7 44. Bb2 g6 45. Bc1 f4 46.
Rh4 b5 47. a3 c5 48. Kd3 Kd6 49. Rh7 Nxg5 50. Rh8 Ne6 51. Ke4 f5+ 52. Kf3 g5 53.
Rh6 Ke5 54. Kf2 g4 55. Bb2+ Nd4 56. Rh7 g3+ 57. Kg2 Ne3+ 58. Kg1 f3 59. Bc1 f2+ 0-1

[Event "Early-Titled-Tuesday-Blitz-February-27-2024"]
[Site "Chess.com"]
[Date "2024.02.27"]
[Round "5"]
[White "PawnEatingZombie"]
[Black "TheAlienParty"]
[Result "1-0"]
[WhiteElo "2162"]
[BlackElo "2398"]
[TimeControl "180+1"]
[EndTime "8:54:49 PST"]
[Termination "PawnEatingZombie won by checkmate"]

1. e4 e5 2. Nf3 Nc6 3. Nc3 Nf6 4.
Bb5 d6 5. d3 h6 6. Bxc6+ bxc6 7. O-O c5 8. h3 g6 9. Bd2 Bg7 10. Nh2 O-O 11. f4 exf4 12. Bxf4 Nh5 13. Be3 Rb8 14.
Rb1 Be6 15. g4 Ng3 16. Rf3 Qh4 17. Qe1 Be5 18. Kg2 f5 19. exf5 gxf5 20. Rxg3 f4 21. Nf3 Qxg3+ 22. Qxg3 fxg3 23. Nxe5 dxe5 24. Bxc5 Rf7 25.
b3 a6 26. Kxg3 Bd7 27. Ne4 Bc6 28. Re1 Re8 29. Be3 Kg7 30. Bd2 Kg6 31. Bc3 Ref8 32. Nc5 Rf3+ 33. Kh4 Rf2 34. Bxe5 Rxc2 35. b4 Rf3 36.
Bxc7 Rxa2 37. Re6+ Kh7 38. Rxc6 Ra1 39. Be5 Rh1 40. Rc7+ Kg8 41. Kh5 Rhxh3+ 42. Kg6 Kf8 43. Ne6+ Ke8 44. Bd6 Rf7 45. Rxf7 Rxd3 46. Rf8+ Kd7 47. Nc5+ Kxd6 48. Nxd3 Kd5 49. Kxh6 Kc4 50. g5 Kxd3 51.
g6 Kc4 52. g7 Kxb4 53. g8=Q a5 54. Rb8+ Kc3 55. Qc8+ Kd2 56. Qd7+ Ke1 57. Re8+ Kf2 58. Qf7+ Kg3 59. Rg8+ Kh4 60. Qf4+ Kh3 61. Qg3# 1-0

[Event "Early-Titled-Tuesday-Blitz-February-27-2024"]
[Site "Chess.com"]
[Date "2024.02.27"]
[Round "5"]
[White "andrzej"]
[Black "BilicVladimir"]
[Result "1-0"]
[WhiteElo "2517"]
[BlackElo "2677"]
[TimeControl "180+1"]
[EndTime "8:54:50 PST"]
[Termination "andrzej won by resignation"]

1. e4 c6 2. d4 d5 3. e5 Bf5 4. h4 Qb6 5. a4 a6 6. a5 Qc7 7. Nc3 h5 8. Nge2 e6 9. Ng3 Bg6 10. Be2 c5 11. dxc5 Bxc5 12. Bf4 Nc6 13. O-O Nge7 14. Bxh5 Bxh5 15. Nxh5 Kf8 16. Na4 Qxa5 17.
c3 Ba7 18. b4 Qd8 19. Qe2 Ng6 20. Bg5 Qc7 21. Rae1 Ncxe5 22. Nf4 Qd7 23. Nxg6+ Nxg6 24. h5 Ne7 25. Nb2 Nf5 26. Nd3 Ng3 27. Qg4 Nxf1 28.
Kxf1 Qb5 29. Qf3 Rc8 30. Bd2 Kg8 31. Kg1 Bb8 32. h6 Rxh6 33. Bxh6 gxh6 34. Qg4+ Kf8 35. Nf4 Qc4 36. Nxe6+ fxe6 37. Qxe6 Qc7 38. Qxh6+ Qg7 39. Qh3 Rd8 40. Re3 Be5 41. Rf3+ Bf6 42. Qe6 Re8 43. Rxf6+ Qxf6 44. Qxf6+ Kg8 45. Qg6+ Kf8 46. Qd6+ Kf7 47. Qxd5+ Kf6 48. Qxb7 Re7 49. Qxe7+ Kxe7 50. g4 1-0

[Event "Early-Titled-Tuesday-Blitz-February-27-2024"]
[Site "Chess.com"]
[Date "2024.02.27"]
[Round "5"]
[White "matagordo"]
[Black "ProChessWICTH"]
[Result "0-1"]
[WhiteElo "2219"]
[BlackElo "2515"]
[TimeControl "180+1"]
[EndTime "8:54:50 PST"]
[Termination "ProChessWICTH won on time"]

1. d4 Nf6 2. Bf4 g6 3. Nc3 d5 4.
e3 Bg7 5. h4 O-O 6. h5 c5 7. hxg6 hxg6 8. Qf3 Nc6 9. O-O-O Bg4 10.
Qg3 Bxd1 11. Nxd1 cxd4 12. exd4 Nxd4 13. Be5 Nf5 14. Qh2 Re8 15. Bb5 Bh6+ 16. Kb1 Ng4 17. Qh3 Nxf2 18. Nxf2 Qb6 19. Bxe8 Rxe8 20. Ng4 Qb5 21.
Nxh6+ Nxh6 22. Qxh6 Qf1+ 23. Qc1 Qxc1+ 24. Kxc1 f6 25. Bc3 Kf7 26. Ne2 e5 27. Rh7+ Ke6 28. Rxb7 d4 29. Be1 Rh8 30. Kd2 Rh2 31. g3 Kf5 32. c4 Ke4 33. Kd1 Ke3 34. Nc1 e4 35. c5 d3 36. Rd7 Rxb2 37. c6 Rc2 38. c7 f5 39. Rg7 Rc6 40. c8=Q Rxc8 41. Rxg6 Rc2 42. g4 d2 43. Bxd2+ Rxd2+ 44. Ke1 Rh2 45. Kd1 f4 46. Re6 f3 47. g5 f2 48. Rf6 Rg2 49.
Ne2 Rxg5 50. Re6 Rg1+ 51. Kc2 f1=Q 52. Nxg1 Qxg1 0-1

[Event "Early-Titled-Tuesday-Blitz-February-27-2024"]
[Site "Chess.com"]
[Date "2024.02.27"]
[Round "5"]
[White "SARGISMV"]
[Black "SaqoChess_Twitch"]
[Result "1-0"]
[WhiteElo "2458"]
[BlackElo "2587"]
[TimeControl "180+1"]
[EndTime "8:54:51 PST"]
[Termination "SARGISMV won by resignation"]

1. d4 d5 2. c4 e6 3. Nc3 Nf6 4. Bg5 Be7 5. Nf3 O-O 6. e3 h6 7.
Bxf6 Bxf6 8. Qd2 b6 9. g4 g6 10. h4 Bg7 11. g5 h5 12. cxd5 exd5 13. Ne5 c5 14. f4 cxd4 15. exd4 Bf5 16. Bg2 Nd7 17.
Nxd5 Nxe5 18. fxe5 Rc8 19. Rc1 Rxc1+ 20. Qxc1 Be6 21.
Qc6 Bxd5 22. Bxd5 Qc8 23. Qxc8 Rxc8 24. O-O Rc7 25. Rf2 Bf8 26. Kg2 Rd7 27. Bb3 a5 28. e6 Rxd4 29. Rxf7 a4 30. e7 Bxe7 31. Rf4+ axb3 32.
Rxd4 bxa2 33. Ra4 Kf7 34. Rxa2 Ke6 35. Ra6 Bc5 36. b4 Bd4 37. Kf3 Kd5 38. Ra8 Kc4 39. Rg8 Kxb4 40. Rxg6 Kc4 41. Rh6 b5 42. Rxh5 b4 43.
Rh7 b3 44. Rb7 Bc3 45. Rxb3 Kxb3 46. Ke4 Kc4 47. h5 Bd2 48. Kf5 Kd5 49. h6 Kd6 50. Kf6 Kd7 51. h7 Bc3+ 52. Kf7 Kd6 53. g6 Be5 54. g7 1-0

[Event "Early-Titled-Tuesday-Blitz-February-27-2024"]
[Site "Chess.com"]
[Date "2024.02.27"]
[Round "5"]
[White "Oleksandr_Bortnyk"]
[Black "yosephtaher"]
[Result "1-0"]
[WhiteElo "3067"]
[BlackElo "2929"]
[TimeControl "180+1"]
[EndTime "8:54:52 PST"]
[Termination "Oleksandr_Bortnyk won on time"]

1. e4 c6 2. c4 c5 3. Nf3 Nc6 4. d4 cxd4 5. Nxd4 Nf6 6. Nc3 g6 7. Nxc6 bxc6 8. e5 Ng8 9. Bf4 Bg7 10. Bd3 f6 11. Qe2 Qa5 12. exf6 Nxf6 13. Bd6 Qd8 14.
O-O Kf7 15. Bg3 Re8 16. c5 d5 17. cxd6 exd6 18. Qf3 d5 19. Rac1 Bh6 20. Bf4 Bg4 21.
Qg3 Nh5 22. Qxg4 Nxf4 23. Rcd1 Qf6 24. g3 Nxd3 25. Rxd3 Kg7 26. h4 Rab8 27. b4 a6 28. a3 Kg8 29. Kg2 Re7 30. h5 Qf5 31. Qxf5 gxf5 32. Na4 a5 33. bxa5 Ra7 34. Nc5 Rxa5 35. Nd7 Rba8 36. Rc3 R5a6 37. Re1 Bg7 38. Rf3 Rxa3 39.
Rxf5 Ra1 40. Re7 h6 41. Nf6+ Bxf6 42. Rxf6 R1a7 43. Rg6+ Kf8 44. Rxa7 Rxa7 45. Rxc6 Kg7 46. Rg6+ Kh7 47. Rd6 Ra5 48. Rd7+ Kg8 49. g4 Rb5 50.
Kg3 Rb3+ 51. f3 Rd3 52. Kf4 d4 53. Kf5 Rxf3+ 54. Kg6 1-0

[Event "Early-Titled-Tuesday-Blitz-February-27-2024"]
[Site "Chess.com"]
[Date "2024.02.27"]
[Round "5"]
[White "Russian_berezka"]
[Black "Cayse"]
[Result "0-1"]
[WhiteElo "2571"]
[BlackElo "2831"]
[TimeControl "180+1"]
[EndTime "8:54:52 PST"]
[Termination "Cayse won by resignation"]

1. d4 Nf6 2. c4 g6 3. Nc3 d5 4.
cxd5 Nxd5 5. e4 Nxc3 6. bxc3 Bg7 7.
Qa4+ c6 8. Nf3 O-O 9. Be2 e5 10. O-O exd4 11. cxd4 Re8 12. Qc2 Nd7 13. Bg5 Qa5 14.
Rad1 Nf6 15. Nd2 Qxg5 16. f4 Qa5 17. Nc4 Qc7 18. e5 Nd5 19. Nd6 Rd8 20. Qd2 Rxd6 21.
exd6 Qxd6 22. Bf3 Qxf4 23. Bxd5 Qxd2 24. Bxf7+ Kh8 25. Rxd2 Bf5 26. d5 Rd8 27. d6 Bc3 28. Rdd1 Bg4 29. Rd3 Bb4 30. d7 Be2 31. Rfd1 Kg7 32.
Be8 Bc5+ 33. Kh1 Kf6 34. R3d2 Bxd1 35. Rxd1 a5 36. a4 Ke7 37. g4 Rb8 38. Kg2 Kd8 39. Rc1 Be7 40. Kf3 Kc7 41. Ke4 Bd8 42. Ke5 b5 43.
axb5 Rxb5+ 44. Ke6 a4 45. Kf7 a3 46. Ra1 Ra5 47.
Ra2 c5 48. Kg7 g5 49. Kxh7 c4 50. Kg6 c3 51. Kf7 Kd6 52. Kg6 c2 53. Rxc2 a2 54.
Rd2+ Ke5 55. Re2+ Kf4 56. Bf7 a1=Q 57. Re8 Qf6+ 0-1

[Event "Early-Titled-Tuesday-Blitz-February-27-2024"]
[Site "Chess.com"]
[Date "2024.02.27"]
[Round "5"]
[White "Bilan_Danila"]
[Black "FredddieCroderg"]
[Result "1-0"]
[WhiteElo "2546"]
[BlackElo "2298"]
[TimeControl "180+1"]
[EndTime "8:54:52 PST"]
[Termination "Bilan_Danila won on time"]

1. d4 d5 2. Nf3 Nf6 3. c4 e6 4. g3 dxc4 5. Qa4+ Nbd7 6. Qxc4 a6 7. Bg2 b5 8. Qc2 Bb7 9. O-O c5 10. a4 cxd4 11. Nxd4 Bxg2 12. Kxg2 Bc5 13. Nb3 Bb6 14.
Nc3 O-O 15. Bf4 b4 16. Ne4 Nd5 17. Bd6 Re8 18. Rac1 Rc8 19. Qd3 Rxc1 20. Rxc1 Qa8 21. Kg1 N7f6 22. Nxf6+ Nxf6 23. a5 Ba7 24. Bc5 Bxc5 25.
Nxc5 Rd8 26. Qxa6 Qd5 27. Nd3 Qh5 28. Rc8 Re8 29. Rxe8+ Nxe8 30. Nxb4 h6 31. Nc2 Nf6 32. Ne3 Qe5 33. Qc8+ Kh7 34. Qc2+ g6 35. b4 Qa1+ 36. Kg2 h5 37. Qb3 h4 38. gxh4 Nh5 39. Qc4 Qb1 40. Qd4 Qa2 41. Qc4 Qa1 42. Kf3 Nf6 43. Ng4 Nh5 44.
Qd3 Qa2 45. Qd4 Qb1 46. Kg2 Qa2 47. Qd3 Qb1 48. Qxb1 Nf4+ 49. Kf1 Nxe2 50. Kxe2 1-0

[Event "Early-Titled-Tuesday-Blitz-February-27-2024"]
[Site "Chess.com"]
[Date "2024.02.27"]
[Round "5"]
[White "abelmat"]
[Black "arnash_bauyrzhan"]
[Result "0-1"]
[WhiteElo "2069"]
[BlackElo "2298"]
[TimeControl "180+1"]
[EndTime "8:54:53 PST"]
[Termination "arnash_bauyrzhan won on time"]

1. d4 d5 2. c4 e6 3. Nf3 Nf6 4.
Nc3 Be7 5. Bf4 O-O 6. e3 b6 7.
cxd5 Nxd5 8. Nxd5 exd5 9. a3 Be6 10. Bd3 c5 11. O-O Nd7 12. Ne5 Nxe5 13. Bxe5 Bd6 14. f4 Bxe5 15. fxe5 Qg5 16. Qf3 f6 17. Qf4 Qxf4 18. exf4 cxd4 19. Rfe1 fxe5 20. Rxe5 Rae8 21. Rae1 Bd7 22. g3 Bc6 23. Re7 Rxe7 24. Rxe7 Rf7 25. Rxf7 Kxf7 26. Bxh7 Bb5 27. Bc2 d3 28. Bd1 d4 29. Kf2 d2 30. Be2 Ba4 31. h4 d1=Q 32. Bxd1 Bxd1 33. Ke1 Bg4 34. Kd2 Bf5 35. g4 Bxg4 36.
Kd3 Kf6 37. Kxd4 b5 38. b3 a5 39. b4 a4 40. Ke4 Be2 41. Ke3 Bc4 42. Ke4 Kg6 43. Ke5 Kh5 0-1

[Event "Early-Titled-Tuesday-Blitz-February-27-2024"]
[Site "Chess.com"]
[Date "2024.02.27"]
[Round "5"]
[White "Polish_fighter3000"]
[Black "Sina_Movahed"]
[Result "1-0"]
[WhiteElo "3086"]
[BlackElo "2933"]
[TimeControl "180+1"]
[EndTime "8:54:55 PST"]
[Termination "Polish_fighter3000 won by resignation"]

1. d4 Nf6 2. c4 g6 3. Nc3 Bg7 4. e4 O-O 5. Nf3 d6 6. Be2 e5 7. O-O exd4 8. Nxd4 Re8 9. f3 c6 10. Nc2 Na6 11. Kh1 Be6 12. Bg5 h6 13. Bh4 g5 14.
Bf2 d5 15. exd5 cxd5 16. c5 Rc8 17. c6 Nc7 18. cxb7 Rb8 19. Nd4 Rxb7 20. Qd2 Nh5 21. g3 Bh3 22. Rfe1 Ne6 23. Bb5 Rf8 24. Rad1 Nf6 25. b4 Rc7 26. Nc6 Qa8 27. Nxd5 Nxd5 28. Qxd5 Rfc8 29. Rc1 a6 30. Ba4 Kh8 31. Rc2 Qb7 32.
Rec1 Rd7 33. Qe4 Rd6 34. Bg1 Bf6 35. Bb3 Kg7 36. a4 Qd7 37. b5 axb5 38. axb5 Rd1 39. Qe2 Rd3 40. Bc4 Rd6 41. Re1 Qb7 42. Qe4 Qd7 43.
Rce2 Rc7 44. Bb3 Qc8 45. Bc2 Kf8 46. Qh7 Bg7 47. Bf5 Bxf5 48. Qxf5 Qb7 49. Rxe6 1-0

[Event "Early-Titled-Tuesday-Blitz-February-27-2024"]
[Site "Chess.com"]
[Date "2024.02.27"]
[Round "5"]
[White "SantoBlue"]
[Black "ahkashefi2800"]
[Result "1-0"]
[WhiteElo "2966"]
[BlackElo "2598"]
[TimeControl "180+1"]
[EndTime "8:54:56 PST"]
[Termination "SantoBlue won by checkmate"]

1. e4 c6 2. Nf3 d5 3. d3 dxe4 4.
dxe4 Qxd1+ 5. Kxd1 b6 6. c3 Bb7 7. Bf4 Nd7 8. Kc2 Ngf6 9. Nbd2 Nh5 10. Be3 Nhf6 11. h3 e6 12. a4 Bc5 13. Bd4 O-O 14.
Bxc5 Nxc5 15. e5 Nfe4 16. b4 Nxd2 17. Nxd2 Nd7 18. f4 c5 19. b5 Rfd8 20. Nc4 Be4+ 21. Kb2 Bd5 22. Ne3 Nf8 23. Be2 Bxg2 24. Rhd1 Bxh3 25.
Bf3 Rab8 26. Rxd8 Rxd8 27. Be4 g6 28. a5 Bf5 29. Bxf5 gxf5 30. axb6 axb6 31. Nc4 Rb8 32.
Ra6 Ng6 33. Nxb6 Nxf4 34. c4 Nd3+ 35. Kc3 Nxe5 36. Na4 h5 37. Nxc5 Rc8 38. Kb4 h4 39. b6 h3 40. b7 Rb8 41. Kb5 h2 42. Ra8 Nc6 43. Ra1 Ne5 44. Rh1 Ng4 45. Kb6 e5 46. Nd7 Re8 47. c5 e4 48. c6 e3 49.
c7 e2 50. b8=Q Rxb8+ 51. cxb8=Q+ Kh7 52. Rxh2+ Kg6 53. Rxe2 f4 54. Qg8+ Kf5 55. Qxf7+ Kg5 56. Qg7+ Kh4 57. Rg2 Ne3 58. Qh6# 1-0